 Dungeon Crawl Stone Soup version 0.25-a0-42-g6c54e25894 (webtiles) character file.

Game seed: 15138172352480781032, levelgen mode: deterministic

225 Peloso the Covered (level 5, -3/47 HPs)
             Began as a Minotaur Fighter on Oct 22, 2019.
             Slain by an adder (4 damage)
             ... on level 4 of the Dungeon.
             The game lasted 00:04:11 (2245 turns).

Peloso the Covered (Minotaur Fighter)               Turns: 2245, Time: 00:04:12

Health: -3/47      AC: 12    Str: 26    XL:     5   Next: 68%
Magic:  4/4        EV: 11    Int: 10    God:
Gold:   156        SH: 10    Dex: 15    Spells: 4/4 levels left

rFire    . . .     SeeInvis .   a - +0 long sword
rCold    . . .     Gourm    .   c - +0 shield
rNeg     + . .     Faith    .   p - +0 plate armour
rPois    .         Spirit   .   (helmet restricted)
rElec    .         Reflect  .   (no cloak)
rCorr    .         Harm     .   (no gloves)
MR       .....                  (no boots)
Stlth    ..........             (no amulet)
HPRegen  0.15/turn              k - ring of positive energy
MPRegen  0.09/turn              (no ring)

@: mighty, brilliant, agile, lethally poisoned (-3 -> -7), lightly drained
A: retaliatory headbutt, horns 2
a: no special abilities


You were on level 4 of the Dungeon.
You were not hungry.

You visited 1 branch of the dungeon, and saw 4 of its levels.

You collected 156 gold pieces.

Inventory:

Hand Weapons
 a - a +0 long sword (weapon)
Armour
 b - a +0 scale mail
 c - a +0 shield (worn)
 p - a +0 plate armour (worn)
Jewellery
 k - a ring of positive energy (left hand)
Wands
 m - a wand of random effects (19)
Scrolls
 e - a scroll of fear {unknown}
 g - a scroll of magic mapping {unknown}
 h - 4 scrolls of remove curse {unknown}
 i - 4 scrolls of identify {unknown}
 j - a scroll of enchant weapon {unknown}
 l - a scroll of teleportation {unknown}
Potions
 d - 2 potions of might
 n - a potion of agility
Comestibles
 f - 7 rations
 q - 2 chunks of flesh


   Skills:
 + Level 4.4(4.2) Fighting
 + Level 4.0(3.8) Long Blades
 + Level 5.1(5.0) Armour
 + Level 1.7(1.5) Dodging
 + Level 0.1(0.0) Stealth
 + Level 4.9(4.7) Shields


You had 4 spell levels left.
You didn't know any spells.
Your spell library was empty.

Dungeon Overview and Level Annotations

Branches:
Dungeon (4/15)
 Temple: D:4-7

Altars:
Dithmenos


Innate Abilities, Weirdness & Mutations

You reflexively headbutt those who attack you in melee.
You have a pair of horns on your head.


Message History

The orc wizard seems to speed up.
You block the adder's attack. The leopard gecko bites you.
* * * LOW HITPOINT WARNING * * *
The adder bites you but does no damage.
You hear a shout!
The orc wizard casts a spell at you. The puff of frost misses you.
The leopard gecko barely misses you.
You riposte.
You slash the leopard gecko!
You kill the leopard gecko!
An orc wizard comes into view. It is wielding a +0 dagger.
The orc wizard looks encouraged for a moment.
Items here: $ ) [[ † a +0 leather armour; 9 gold pieces; a +0 flail; a +0 ring mail; an orc corpse You closely miss the adder.
The adder is moderately wounded.
* * * LOW HITPOINT WARNING * * *
You feel sick. The adder barely misses you.
The orc wizard gestures at you while chanting.
You block the puff of flame. The adder bites you.
You die...

#.. ..###o #...o.
##....# ......#
#....#
#########†...# #
.......SS@...# ..
####.#o###..##..#
# #.###......#
....##.##.....###
..........<.......
...............##.
...............#
..>...............
..................


You could see 2 orc wizards, 2 adders and an orc.

Vanquished Creatures
  A bullfrog (D:2)
  Robin (D:3)
  4 gnolls (D:3)
  3 adders
  An ooze (D:4)
  A worm (D:2)
  A dart slug (D:1)
  4 leopard geckos
  2 orcs (D:4)
  3 bats
  2 giant cockroaches (D:1)
  7 hobgoblins
  10 jackals
  2 quokkas (D:2)
  3 frilled lizards
  13 goblins
  2 kobolds
  A leopard gecko skeleton (D:4)
  5 rats
66 creatures vanquished.

Notes
Turn   | Place    | Note
-------+----------+-------------------------------------------
     0 | D:1      | Peloso the Minotaur Fighter began the quest for the Orb.
     0 | D:1      | Reached XP level 1. HP: 19/19 MP: 0/0
   192 | D:1      | Reached skill level 4 in Armour
   192 | D:1      | Reached XP level 2. HP: 27/27 MP: 1/1
   659 | D:2      | Reached XP level 3. HP: 26/33 MP: 2/2
   680 | D:2      | Found a shadowy altar of Dithmenos.
  1037 | D:2      | Noticed a bullfrog
  1046 | D:2      | Killed a bullfrog
  1046 | D:2      | Reached skill level 5 in Armour
  1046 | D:2      | Reached XP level 4. HP: 15/40 MP: 3/3
  1478 | D:3      | Reached XP level 5. HP: 45/46 MP: 4/4
  1482 | D:3      | Reached skill level 1 in Dodging
  2038 | D:3      | Noticed Robin
  2044 | D:3      | Killed Robin
  2243 | D:4      | HP: 2/47 [poisoned by an adder]
  2245 | D:4      | Slain by an adder

Levels and vault maps discovered:
D:1:      dpeg_arrival_prison, layout_loops_ring
D:2:      layout_loops_ring, grunt_dithmenos_smoke_and_mirrors, first_ration,
          nrook_uturn
D:3:      layout_basic, kennysheep_cross_bottleneck, uniq_robin
D:4:      layout_rooms, kennysheep_little_box, gammafunk_ghost_gnarly_gnolls,
          serial_shops, nicolae_shop_overgrown_old_shop

Skill      XL: |  1  2  3  4  5 |
---------------+----------------+-----
Armour         | 4 5 |  5.1
Shields        | 4 |  4.9
Fighting       | 4 |  4.4
Long Blades    | 3 4 |  4.0
Dodging        | 1 |  1.7
Stealth        | |  0.1

Action                   |  1- 3 |  4- 6 || total
-------------------------+-------+-------++-------
Melee: Long sword        |    71 |    95 ||   166
       Headbutt          |    13 |    15 ||    28
  Use: Potion            |     4 |     4 ||     8
  Eat: Chunk             |       |     4 ||     4
Armor: Scale mail        |    35 |    24 ||    59
       Plate armour      |       |    50 ||    50
Dodge: Dodged            |    34 |    38 ||    72
Block: Shield            |    49 |    90 ||   139
       Rpst.: Long sword |     8 |    13 ||    21

Table legend:
 A = Non-vault XP
 B = Vault XP
 C = Vault XP percentage of total XP
 D = Non-vault monster count
 E = Vault monster count
 F = Vault count percentage of total count
                 A         B        C        D         E       F
            +---------+---------+-------+---------+---------+-------
      Total |     288 |      34 |  10.6 |      54 |      12 |  18.2
            +---------+---------+-------+---------+---------+-------
        D:1 |      30 |       1 |   3.2 |      17 |       1 |   5.6
        D:2 |     156 |       0 |   0.0 |      20 |       0 |   0.0
        D:3 |      86 |      33 |  27.7 |      12 |      11 |  47.8
        D:4 |      16 |       0 |   0.0 |       5 |       0 |   0.0
            +---------+---------+-------+---------+---------+-------
